[Event "Team 45 45 League T76"]
[Site "Internet Chess Club"]
[Date "2018.04.27"]
[Round "6"]
[White "Conjurer"]
[Black "oldbookseller"]
[Result "1-0"]
[WhiteElo "1318"]
[BlackElo "972"]
[Opening "Queen's pawn: London system"]
[ECO "A45"]
[Time "13:04:36"]
[TimeControl "2700+45"]

1. d4 Nf6 2. Bf4 g6 3. h3 Bg7 4. e3 O-O 5. Nf3 d6 6. c4 Bf5 7. Qb3 b6 8. Nc3 c6
9. Be2 Nbd7 10. g4 Be4 11. Nxe4 Nxe4 12. O-O e5 13. Bh2 exd4 14. Nxd4 Qh4 15.
Qc2 Ndf6 16. Kg2 Ng5 17. Rh1 Nxh3 18. Bg3 Qg5 19. Rxh3 Nxg4 20. Nf3 Nxe3+ 21.
fxe3 Qxe3 22. Bf2 Qf4 23. Rh4 Qf6 24. Bd4 Qxh4 25. Nxh4 Bxd4 26. Rd1 Bc5 27. a3
Rae8 28. Bf3 f5 29. Bxc6 Re7 30. Bd5+ Kg7 31. Qc3+ Kh6 32. Qd2+ f4 33. Rh1 Kg5
34. Nf3+ Kg4 35. Rh4+ Kf5 36. Qxf4# {Black checkmated} 1-0

[Event "Team 45 45 League T76"]
[Site "Internet Chess Club"]
[Date "2018.04.25"]
[Round "6"]
[White "mongmong"]
[Black "Balderdash"]
[Result "1-0"]
[WhiteElo "1489"]
[BlackElo "1211"]
[Opening "Queen's pawn game"]
[ECO "D04"]
[Time "20:00:57"]
[TimeControl "2700+45"]

1. d4 d5 2. Nf3 Nf6 3. e3 Nc6 4. c4 e6 5. Nc3 a6 6. Bd3 Nb4 7. Be2 a5 8. a3 Na6
9. b3 b6 10. Bb2 c5 11. O-O Bd6 12. Nb5 Ne4 13. Nxd6+ Qxd6 14. cxd5 exd5 15.
dxc5 Naxc5 16. b4 axb4 17. axb4 Rxa1 18. Qxa1 Ne6 19. b5 O-O 20. Ba3 N6c5 21.
Bb4 Bg4 22. h3 Bh5 23. Nd4 Bxe2 24. Nxe2 Qd7 25. Nd4 Qb7 26. Nc6 Ra8 27. Qd4 Qd7
28. Rd1 Nf6 29. Bxc5 bxc5 30. Qxc5 Re8 31. Ra1 h6 32. Nd4 Rc8 33. Qa7 Rc7 34. b6
Rb7 35. Qa8+ Kh7 36. Ra7 Rxa7 37. Qxa7 Qc8 38. Qc7 Qa6 39. b7 Qa1+ 40. Kh2 Ne4
41. b8=Q Nxf2 42. Qf4 Qh1+ 43. Kg3 Ne4+ 44. Qxe4+ dxe4 45. Qf4 Qe1+ 46. Kh2 Qb1
47. Qxf7 Qb8+ 48. Qf4 Qe8 49. Ne2 Qe6 50. Ng3 g5 51. Qxe4+ Qxe4 52. Nxe4 Kg6 53.
g4 Kf7 54. Kg3 Ke6 55. Kf3 Ke5 56. Ng3 Kf6 57. e4 Ke5 58. Ke3 Ke6 59. Kd4 Kd6
60. Nf5+ Ke6 61. Nxh6 Kf6 62. Nf5 Ke6 63. e5 Kd7 64. Ke4 Ke6 65. Nd4+ Kf7 66.
Kf5 Kg7 67. Kxg5 Kf7 68. e6+ Ke7 69. Kg6 Kf8 70. h4 Ke7 71. Kg7 Ke8 72. h5 Ke7
73. h6 Ke8 74. h7 Ke7 75. h8=Q {Black resigns} 1-0

[Event "Team 45 45 League T76"]
[Site "Internet Chess Club"]
[Date "2018.04.29"]
[Round "6"]
[White "pita"]
[Black "Toalla"]
[Result "1-0"]
[WhiteElo "1296"]
[BlackElo "1220"]
[Opening "QGD semi-Slav: Meran variation"]
[ECO "D47"]
[Time "20:02:09"]
[TimeControl "2700+45"]

1. d4 d5 2. c4 e6 3. Nf3 Nf6 4. Nc3 c6 5. e3 Nbd7 6. Bd3 dxc4 7. Bxc4 b5 8. Be2
b4 9. Na4 Qa5 10. O-O Ba6 11. Bxa6 Qxa6 12. Bd2 Be7 13. Qc2 O-O 14. Rfc1 Rac8
15. Qb3 Qb7 16. Rc4 a5 17. Qc2 Rc7 18. Rc1 Rfc8 19. e4 h6 20. Bf4 e5 21. Bxe5
Nxe5 22. Nxe5 Bd6 23. Nxc6 Rxc6 24. Rxc6 Rxc6 25. Qxc6 Qxc6 26. Rxc6 Nxe4 27. f3
Bxh2+ 28. Kxh2 Nf6 29. Rc5 g5 30. Rxa5 Kg7 31. Rb5 g4 32. Kg3 gxf3 33. Kxf3 h5
34. Rxb4 Nd5 35. Rb5 Nf6 36. Nc5 h4 37. Ne4 Nd7 38. Rh5 f6 39. Rxh4 Kg6 40. b3
f5 41. Ng3 Kg5 42. Rh5+ Kf6 43. Rxf5+ Ke6 44. d5+ Kd6 45. Ne4+ Ke7 46. g4 Ke8
47. g5 Nf8 48. Rxf8+ Kxf8 49. d6 {Black resigns} 1-0

[Event "Team 45 45 League T76"]
[Site "Internet Chess Club"]
[Date "2018.04.28"]
[Round "6"]
[White "Just-Jim"]
[Black "Conjurer"]
[Result "1-0"]
[WhiteElo "1272"]
[BlackElo "1310"]
[Opening "Queen's pawn game, Darooha variation "]
[ECO "D02"]
[Time "13:09:17"]
[TimeControl "2700+45"]

1. Nf3 Nf6 2. d4 d5 3. Nc3 e6 4. a3 c5 5. Bf4 Nc6 6. h3 cxd4 7. Nxd4 e5 8. Nxc6
bxc6 9. Bxe5 Bc5 10. e3 O-O 11. Bd3 Re8 12. Bxf6 Qxf6 13. O-O Qg5 14. Qf3 g6 15.
e4 d4 16. Ne2 Qe5 17. Bc4 Be6 18. Bxe6 Rxe6 19. Rad1 Qxe4 20. Qxe4 Rxe4 21. Ng3
Re6 22. Kh1 Rd8 23. f4 Rd5 24. Rde1 Bd6 25. Rxe6 fxe6 26. h4 h5 27. Ne4 Be7 28.
g3 c5 29. Ng5 Bxg5 30. fxg5 Kg7 31. Rf2 Rf5 32. Kg1 c4 33. Kf1 e5 34. Ke1 e4 35.
Rxf5 gxf5 36. Kd2 Kg6 37. b3 c3+ 38. Ke2 d3+ 39. cxd3 c2 40. Kd2 exd3 41. b4 Kf7
42. b5 Ke6 43. a4 f4 44. gxf4 Kf5 45. a5 Kxf4 46. g6 c1=Q+ 47. Kxc1 Ke3 48. Kd1
d2 49. g7 {Black resigns} 1-0

[Event "Team 45 45 League T76"]
[Site "Internet Chess Club"]
[Date "2018.04.28"]
[Round "6"]
[White "tasawyer81"]
[Black "WzeroMN"]
[Result "1-0"]
[WhiteElo "1180"]
[BlackElo "1100"]
[Opening "Queen's pawn, Mason variation"]
[ECO "D00"]
[Time "18:30:31"]
[TimeControl "2700+45"]

1. d4 d5 2. Bf4 Nc6 3. e3 Nf6 4. c3 Bf5 5. Nd2 e6 6. Ngf3 h6 7. Qa4 Bd6 8. Bg3
Bxg3 9. hxg3 O-O 10. Bb5 Nb8 11. Ne5 c6 12. Be2 b5 13. Qd1 Nbd7 14. Nxc6 Qb6 15.
Ne5 Nxe5 16. dxe5 Nd7 17. g4 Bh7 18. Nf3 f6 19. Nd4 a6 20. exf6 Rxf6 21. a4 bxa4
22. Rxa4 Qxb2 23. O-O Qxc3 24. Nb5 Bc2 25. Nxc3 Bxd1 26. Bxd1 Nc5 27. Rd4 a5 28.
Bf3 a4 29. Nxd5 exd5 30. Bxd5+ {Black resigns} 1-0

[Event "Team 45 45 League T76"]
[Site "Internet Chess Club"]
[Date "2018.04.30"]
[Round "6"]
[White "olivermx"]
[Black "rkjulianjr"]
[Result "0-1"]
[WhiteElo "1206"]
[BlackElo "1331"]
[Opening "Ruy Lopez: Berlin defense"]
[ECO "C65"]
[Time "22:03:15"]
[TimeControl "2700+45"]

1. e4 e5 2. Nf3 Nc6 3. Bb5 Nf6 4. d3 Bc5 5. O-O d6 6. Bg5 h6 7. Bxf6 Qxf6 8.
Nbd2 O-O 9. h3 Nd4 10. Nxd4 Bxd4 11. c3 Bb6 12. Ba4 a6 13. Qf3 Qxf3 14. Nxf3 Be6
15. Bc2 f5 16. Nd2 fxe4 17. Nxe4 d5 18. Bb3 Rae8 19. Ng3 Rf6 20. Rae1 Ref8 21.
Nh1 Rg6 22. Ng3 Rxg3 {White resigns} 0-1

[Event "Team 45 45 League T76"]
[Site "Internet Chess Club"]
[Date "2018.04.26"]
[Round "6"]
[White "oldprez1"]
[Black "rgadoury"]
[Result "0-1"]
[WhiteElo "1263"]
[BlackElo "1362"]
[Opening "English: Sicilian reversed"]
[ECO "A25"]
[Time "19:00:16"]
[TimeControl "2700+45"]

1. c4 e5 2. Nc3 Nc6 3. g3 Nf6 4. Bg2 Bc5 5. e3 O-O 6. Nge2 Rb8 7. Ne4 Nxe4 8.
Bxe4 Ne7 9. a3 a6 10. b4 Ba7 11. O-O d6 12. Bb2 b5 13. cxb5 axb5 14. Nc3 c6 15.
Ne2 Qc7 16. d4 exd4 17. Nxd4 Bxd4 18. Qxd4 f6 19. Rac1 Bd7 20. Rfd1 d5 21. Bxd5+
Nxd5 22. Qxd5+ Rf7 23. Qd6 Qxd6 24. Rxd6 Be8 25. Rcd1 Kf8 26. Bd4 Kg8 27. Bc5
Ra8 28. Rd8 Rxd8 29. Rxd8 h5 30. Rxe8+ Kh7 31. Re7 Rxe7 32. Bxe7 f5 33. f4 Kg6
34. h4 Kf7 35. Bc5 g6 36. Kf2 Ke6 37. Ke2 Kd5 38. Kd3 Ke6 39. Kc2 Kd5 40. Kb3
Ke4 41. a4 bxa4+ 42. Kxa4 Kf3 43. Ka5 Kxg3 44. Kb6 Kxh4 45. Kxc6 Kg4 46. b5 h4
47. e4 fxe4 48. Bg1 h3 49. b6 e3 50. Bxe3 h2 51. b7 h1=Q+ 52. Kc7 Qh7+ 53. Kb8
Qd7 54. Ka8 Qc6 55. Ka7 Qa4+ 56. Kb8 Kf5 57. Kc8 Qc6+ 58. Kb8 Ke6 59. Ka8 Qa6+
60. Ba7 Qc6 61. Bb8 Kd7 62. Be5 Qa6+ 63. Kb8 Kc6 {White resigns} 0-1